Map: Malwarfare

Players

Sindyr

  • Race: Protoss Protoss
  • League: Gold
  • Spawn Location: 7:00

Siliatra

  • Race: Protoss Protoss
  • Spawn Location: 7:00

VOD

Have the link to the VOD?

Description

Time

  • Played on: Dec. 26, 2025, 6:10 a.m.
  • Length: 32:46
Show
View Real Time Build Order
Export as new Build Order

Sindyr Protoss 

Build Orders:  

Get SALT Encoding   

  12  0:07  Probe (Chrono Boost)  
  13  0:18  Probe (Chrono Boost)  
  14  0:27  Pylon  
  14  0:34  Probe (Chrono Boost)  
  15  0:53  Probe (Chrono Boost)  
  15  0:57  Gateway  
  16  1:04  Probe (Chrono Boost)  
  17  1:16  Probe (Chrono Boost)  
  18  1:27  Probe (Chrono Boost)  
  18  1:28  Assimilator  
  19  1:39  Probe (Chrono Boost)  
  20  1:42  Assimilator  
  21  1:50  Probe (Chrono Boost)  
  21  2:14  Pylon  
  21  2:26  Probe (Chrono Boost)  
  22  2:35  Cybernetics Core  
  22  2:37  Probe (Chrono Boost)  
  23  2:49  Probe (Chrono Boost)  
  25  3:00  Probe (Chrono Boost)  
  25  3:12  Probe (Chrono Boost)  
  26  3:25  Probe (Chrono Boost)  
  27  3:47  Supplicant x2  
  31  3:51  Gateway  
  31  4:49  Warp Gate  
  31  4:54  Pylon  
  31  5:00  Pylon  
  31  5:19  Supplicant x2  
  36  5:20  Probe (Chrono Boost)  
  36  5:25  Supplicant x2  
  40  5:31  Probe (Chrono Boost)  
  41  5:43  Death Council  
  41  5:45  Robotics Facility  
  37  6:05  Supplicant x2  
  37  6:06  Supplicant x2  
  39  6:53  Slayer  
  39  6:54  Slayer  
  33  7:59  Vanguard  
  37  8:04  Probe (Chrono Boost)  
  38  8:15  Probe (Chrono Boost)  
  38  8:16  Slayer  
  38  8:17  Slayer  
  39  8:54  Ascendant Archives, Warp Prism  
  39  8:56  Robotics Bay  
  39  9:06  Forge  
  39  9:14  Forge  
  39  9:32  Mothership  
  39  9:48  Pylon  
  39  10:27  Nexus  
  39  10:33  Warp Prism  
  39  10:41  Protoss Ground Weapons Level 1, Protoss Air Weapons Level 1  
  39  10:42  Protoss Ground Armor Level 1, Protoss Air Armor Level 1  
  39  10:44  Pylon  
  39  10:46  Warp Prism  
  39  10:48  Pylon  
  41  10:51  Pylon  
  41  11:03  Supplicant x4  
  49  11:15  Assimilator  
  49  11:16  Assimilator  
  49  11:36  Warp Prism  
  41  11:53  Warp Prism, Slayer  
  41  11:54  Slayer  
  45  12:05  Probe (Chrono Boost)  
  45  12:09  Probe (Chrono Boost)  
  47  12:17  Probe (Chrono Boost)  
  49  12:21  Probe (Chrono Boost)  
  49  12:28  Probe (Chrono Boost)  
  50  12:32  Probe (Chrono Boost)  
  50  12:39  Probe (Chrono Boost)  
  52  12:44  Probe (Chrono Boost)  
  53  12:51  Probe (Chrono Boost)  
  53  12:55  Probe (Chrono Boost)  
  55  13:02  Probe (Chrono Boost)  
  55  13:05  Blood Shields  
  55  13:06  Probe (Chrono Boost)  
  57  13:14  Probe (Chrono Boost)  
  57  13:18  Probe (Chrono Boost)  
  59  13:21  Protoss Shields Level 1  
  59  13:25  Probe (Chrono Boost)  
  59  13:28  Ascendant x2  
  59  13:29  Probe (Chrono Boost)  
  53  14:01  Gateway  
  53  14:03  Gateway  
  53  14:05  Phase Blink  
  53  14:07  Gateway  
  53  14:09  Gateway  
  53  14:14  Gateway  
  53  14:28  Supplicant x2  
  53  14:29  Supplicant x2  
  61  14:37  Protoss Ground Weapons Level 2, Protoss Air Weapons Level 2  
  61  14:53  Slayer  
  61  14:54  Slayer  
  65  15:05  Soul Augmentation  
  65  15:13  Pylon  
  65  15:17  Pylon  
  65  15:18  Pylon  
  65  15:26  Slayer x5  
  75  15:30  Slayer  
  75  15:33  Supplicant x2  
  79  16:01  Protoss Ground Armor Level 2, Protoss Air Armor Level 2  
  79  17:29  Supplicant x2  
  79  17:30  Supplicant x12  
  107  17:47  Imposing Presence, Probe (Chrono Boost)  
  108  17:59  Probe (Chrono Boost), Aerial Tracking  
  109  18:04  Wraithwalker  
  116  18:10  Probe (Chrono Boost)  
  116  18:11  Pylon  
  116  18:17  Pylon  
  112  18:20  Pylon  
  112  18:22  Probe (Chrono Boost)  
  111  18:33  Probe (Chrono Boost)  
  112  18:57  Warp Prism  
  112  19:00  Mothership  
  112  19:11  Protoss Ground Weapons Level 3, Protoss Air Weapons Level 3  
  112  19:17  Protoss Shields Level 2  
  112  19:19  Wraithwalker  
  118  19:22  Pylon  
  118  19:23  Pylon  
  118  19:30  Robotics Facility  
  118  19:34  Robotics Facility  
  118  19:36  Gateway  
  118  19:41  Gateway  
  118  19:59  Warp Prism  
  114  21:47  Ascendant x9  
  130  22:11  Power Overwhelming  
  128  22:27  Telekinesis  
  118  23:11  Mind Blast  
  110  23:57  Protoss Ground Armor Level 3, Protoss Air Armor Level 3, Protoss Shields Level 3  
  110  24:01  Phasing Armor  
  110  24:10  Rapid Power Cycling  
  110  24:11  Chaotic Attunement  
  66  25:04  Mothership  
  62  26:01  Warp Prism  
  64  26:16  Wraithwalker  
  70  26:21  Wraithwalker  
  76  26:42  Supplicant x2  
  76  26:43  Supplicant x16  
  112  26:51  Wraithwalker  
  112  27:31  Wraithwalker  
  112  27:48  Wraithwalker  
  100  28:06  Wraithwalker  
  104  28:17  Slayer  
  104  28:18  Slayer x8  
  114  28:46  Wraithwalker  
  116  29:21  Wraithwalker  
  116  30:11  Wraithwalker x2  
Show
View Real Time Build Order
Export as new Build Order

Siliatra Protoss 

Build Orders:  

Get SALT Encoding   

  12  0:07  Probe (Chrono Boost)  
  14  0:20  Probe (Chrono Boost)  
  14  0:29  Pylon  
  14  0:36  Probe (Chrono Boost)  
  15  0:57  Gateway  
  15  0:58  Probe (Chrono Boost)  
  16  1:03  Assimilator  
  17  1:12  Probe (Chrono Boost)  
  17  1:23  Assimilator  
  17  1:26  Probe (Chrono Boost)  
  19  1:40  Probe (Chrono Boost)  
  19  1:54  Probe (Chrono Boost)  
  20  2:03  Cybernetics Core  
  20  2:05  Pylon  
  20  2:07  Probe (Chrono Boost)  
  22  2:21  Probe (Chrono Boost)  
  22  2:35  Probe (Chrono Boost)  
  23  2:49  Probe (Chrono Boost)  
  24  2:52  Warp Gate  
  24  2:54  Adept  
  27  3:03  Probe (Chrono Boost)  
  27  3:13  Twilight Council  
  27  3:17  Probe (Chrono Boost)  
  28  3:21  Pylon  
  29  3:33  Probe (Chrono Boost)  
  29  3:37  Adept  
  32  3:52  Pylon  
  32  3:53  Pylon, Probe (Chrono Boost)  
  32  4:03  Pylon  
  32  4:19  Psionic Projection  
  28  4:32  Adept  
  30  5:00  Adept  
  30  5:07  Forge  
  32  5:14  Gateway  
  32  5:15  Gateway  
  32  5:16  Gateway  
  32  5:20  Gateway  
  32  5:25  Adept  
  34  5:56  Adept  
  36  6:18  Pylon  
  34  6:20  Pylon  
  34  6:22  Pylon  
  32  6:50  Nexus  
  32  6:53  Pylon  
  32  7:05  Adept  
  32  7:06  Adept x2  
  38  7:13  Protoss Ground Weapons Level 1  
  34  7:38  Adept x3  
  40  8:01  Talis' A.I. Personality  
  28  8:48  Adept x4  
  28  8:49  Adept  
  38  8:57  Probe (Chrono Boost)  
  40  9:00  Probe (Chrono Boost)  
  40  9:01  Kaldalis' A.I. Personality  
  41  9:11  Probe (Chrono Boost)  
  41  9:13  Assimilator  
  41  9:17  Probe (Chrono Boost)  
  41  9:19  Assimilator  
  42  9:24  Probe (Chrono Boost)  
  44  9:31  Adept x2  
  44  9:34  Probe (Chrono Boost)  
  44  9:38  Probe (Chrono Boost)  
  50  9:50  Probe (Chrono Boost)  
  50  9:55  Adept x2  
  50  9:56  Adept x2  
  59  10:02  Probe (Chrono Boost)  
  60  10:11  Probe (Chrono Boost)  
  60  10:13  Protoss Ground Weapons Level 2  
  60  10:16  Probe (Chrono Boost)  
  61  10:25  Adept x2  
  61  10:26  Adept  
  61  10:28  Probe (Chrono Boost)  
  69  10:45  Probe (Chrono Boost)  
  69  10:46  Probe (Chrono Boost)  
  70  10:59  Forge, Probe (Chrono Boost)  
  72  11:03  Probe (Chrono Boost)  
  74  11:20  Probe x2 (Chrono Boost)  
  74  11:21  Gateway  
  74  11:34  Probe (Chrono Boost)  
  74  11:37  Probe (Chrono Boost)  
  74  11:48  Probe (Chrono Boost)  
  76  11:54  Probe (Chrono Boost)  
  76  12:03  Legionnaire x2  
  76  12:04  Adept  
  76  12:05  Adept x2  
  79  12:11  Probe (Chrono Boost)  
  79  12:18  Probe (Chrono Boost)  
  64  12:44  Protoss Shields Level 1  
  64  12:49  Adept x5  
  74  12:50  Adept  
  74  12:54  Protoss Ground Armor Level 1  
  76  13:11  Pylon  
  76  13:13  Pylon  
  76  13:16  Gateway  
  76  13:19  Gateway  
  76  13:20  Gateway, Charge  
  52  14:20  Adept x3  
  52  14:21  Adept x3  
  64  14:44  Protoss Ground Weapons Level 3, Adept x2  
  64  14:45  Adept x4  
  64  14:47  Legionnaire x2  
  64  14:48  Legionnaire  
  85  15:11  Legionnaire x2  
  85  15:12  Legionnaire x3  
  85  15:14  Adept x4  
  108  15:42  Adept x3  
  108  15:43  Adept x3  
  109  16:10  Pylon  
  109  16:12  Pylon  
  109  16:14  Pylon  
  109  16:16  Pylon  
  109  16:18  Pylon  
  105  16:26  Pylon  
  105  16:29  Adept  
  107  16:30  Pylon, Adept x3  
  107  16:31  Protoss Ground Armor Level 2  
  113  16:44  Conservator  
  113  16:45  Conservator x4  
  123  17:02  Robotics Facility  
  119  17:30  Adept x3  
  119  17:31  Adept x4  
  119  17:32  Adept  
  135  17:45  Pylon  
  135  17:48  Pylon  
  135  17:49  Pylon  
  135  18:14  Adept  
  135  18:15  Adept x4  
  135  18:16  Adept  
  147  18:27  Protoss Shields Level 2  
  143  18:51  Adept x2  
  143  18:52  Adept x5  
  143  18:53  Adept x2  
  161  19:38  Legionnaire x4  
  161  19:39  Legionnaire  
  170  20:37  Legionnaire x2  
  170  20:38  Legionnaire x4  
  170  20:39  Legionnaire  
  191  20:40  Adept  
  191  20:48  Pylon  
  149  21:56  Adept x2  
  149  21:57  Adept x2  
  149  21:58  Legionnaire x4  
  149  21:59  Legionnaire  
  172  22:02  Gateway  
  172  22:04  Gateway  
  172  22:06  Gateway  
  172  22:07  Gateway  
  163  22:34  Adept  
  163  22:35  Adept x5  
  163  22:37  Legionnaire  
  171  22:53  Protoss Ground Armor Level 3  
  164  23:07  Protoss Shields Level 3  
  152  23:18  Adept x5  
  156  23:20  Legionnaire x3  
  137  24:24  Adept x3  
  137  24:25  Adept x4  
  137  24:26  Adept x3  
  137  24:27  Pylon  
  137  25:15  Adept x3  
  137  25:16  Adept x5  
  137  25:17  Adept x3  
  153  25:38  Legionnaire x2  
  153  25:39  Legionnaire  
  162  25:57  Pylon  
  162  26:00  Pylon  
  162  26:06  Adept x2  
  162  26:07  Conservator  
  162  26:08  Conservator x2  
  172  26:22  Adept  
  172  26:23  Adept x4  
  182  26:58  Adept x2  
  182  26:59  Adept, Legionnaire  
  180  27:01  Legionnaire  
  180  27:02  Legionnaire  
  167  27:56  Adept x2  
  167  27:57  Adept x4  
  167  27:58  Pylon  
  167  28:02  Conservator  
  167  28:03  Conservator x3  
  167  28:04  Conservator x2  
  160  28:59  Adept  
  162  29:00  Adept x5  
  162  29:01  Adept, Conservator  
  162  29:02  Conservator x3  
  162  29:03  Legionnaire x2  
  179  29:29  Adept  
  173  29:30  Adept x2  
  173  29:31  Legionnaire x4  
  173  29:32  Conservator x2  
  178  30:02  Adept x4  
  178  30:03  Adept x4  
  178  30:04  Adept x2  
  198  30:12  Conservator  
  184  31:45  Adept  
  184  31:46  Adept x5  
  184  31:47  Adept x2  
  170  32:29  Adept x4  
  170  32:30  Adept x4  
  170  32:31  Adept x2  
  170  32:32  Adept x3  
Tags
 
Commander
AlarakFenix
League
Gold
Matchup
Co-op
Replay Pack
Multiplayer
Add a new tag
Caveats
  • Supply blocks, unpowered buildings, or Contaminate may cause inaccurate times.
  • Supply counts are checked every 10 seconds.